 Dungeon Crawl Stone Soup version 0.30-a0-1123-gabc949cf19 (webtiles) character file.

Game seed: 5556625004962872652

1374 themarg the Summoner (level 8, -2/52 HPs)
             Began as a Merfolk Summoner on Apr 23, 2023.
             Was a Believer of Sif Muna.
             Shot with an arrow by a centaur (14 damage)
             ... on level 5 of the Dungeon.
             The game lasted 00:17:43 (5160 turns).

themarg the Summoner (Merfolk Summoner)             Turns: 5160, Time: 00:17:44

Health: -2/52      AC:  3    Str:  9    XL:     8   Next: 66%
Magic:  4/11       EV: 12    Int: 16    God:    Sif Muna [**....]
Gold:   984        SH:  0    Dex: 14    Spells: 1/11 levels left

rFire   . . .        q - +1 trident
rCold   . . .        (no shield)
rNeg    . . .        a - +0 robe
rPois   .            z - +0 helmet
rElec   .            (no cloak)
rCorr   .            (no gloves)
SInv    .            (no boots)
Will    .....        i - amulet of magic regeneration
Stlth   ++           (no ring)
HPRegen 0.28/turn    (no ring)
MPRegen 0.52/turn

%: no passive effects
@: very slightly contaminated, invisible
A: (nimble swimmer 2), mertail
a: Renounce Religion, Channel Magic


You were on level 5 of the Dungeon.
You worshipped Sif Muna.
Sif Muna was pleased with you.
You visited 1 branch of the dungeon, and saw 5 of its levels.
You also visited: Sewer and Ossuary.

You collected 984 gold pieces.

Inventory:

Hand Weapons
 q - a +1 trident (weapon)
Missiles
 c - 59 stones
 j - 2 boomerangs
 k - 2 datura-tipped darts
 x - 13 poisoned darts
Armour
 a - a +0 robe (worn)
 z - a +0 helmet (worn)
Jewellery
 g - a ring of fire
 i - an amulet of magic regeneration (around neck)
 t - a ring of flight
Wands
 s - a wand of iceblast (6)
Scrolls
 e - 3 scrolls of enchant weapon
 f - a scroll of poison
 l - 4 scrolls of teleportation
 m - a scroll of blinking {unknown}
 n - a scroll of fear {unknown}
 o - 2 scrolls of immolation {unknown}
 v - 2 scrolls of amnesia {unknown}
 y - a scroll of silence {unknown}
 D - a scroll of noise {unknown}
Potions
 b - 2 potions of magic
 d - 9 potions of flight
 h - 2 potions of curing {unknown}
 p - 3 potions of cancellation
 r - 2 potions of attraction {unknown}
 u - a potion of lignification {unknown}
 w - 2 potions of mutation
 A - 2 potions of invisibility
 C - a potion of berserk rage {unknown}
 E - a potion of heal wounds {unknown}


   Skills:
 - Level 2.6 Dodging
 - Level 2.5 Stealth
 - Level 2.0 Spellcasting
 - Level 10.0 Summonings
 + Level 3.8 Air Magic


You had one spell level left.
You knew the following spells:

 Your Spells              Type           Power      Damage    Failure   Level
a - Summon Small Mammal   Summ           100%       N/A       1%          1
b - Call Imp              Summ           66%        N/A       1%          2
c - Call Canine Familiar  Summ           33%        N/A       1%          3
d - Summon Lightning Spi  Summ/Air       23%        N/A       12%         4

Your spell library contained the following spells:

 Spells                   Type           Power      Damage    Failure   Level
 Sandblast                Erth           2%         2d4       21%         1
 Summon Guardian Golem    Hex/Summ       17%        N/A       8%          3
 Passwall                 Tmut/Erth      0%         N/A       30%         2
 Stone Arrow              Conj/Erth      2%         3d7       52%         3


Dungeon Overview and Level Annotations

Branches:
Dungeon (5/15)             Temple (0/1) D:5           Sewer (visited)
Ossuary (visited)

Altars:
Elyvilon
Kikubaaqudgha
Sif Muna

Shops:
D:1 (


Innate Abilities, Weirdness & Mutations

((You are very nimble when in or above water. (Stealth+, EV+, Speed+++)))
Your lower body shifts to a powerful aquatic tail in water.


Message History

Your hound's corpse disappears in a puff of smoke!
The centaur shoots an arrow.
The arrow hits your lightning spire!
The scorpion stings your lightning spire but does no damage.
The centaur shoots an arrow.
The arrow hits your lightning spire!
The scorpion stings your lightning spire but does no damage.
It was a potion of invisibility.
You fade into invisibility!
The centaur unwields a +0 shortbow.
The centaur hits your lightning spire but does no damage.
The centaur kicks your lightning spire but does no damage.
Your hound bites the centaur.
The scorpion stings your lightning spire but does no damage.
The centaur wields a +0 shortbow.
The centaur shoots an arrow.
The arrow barely misses your lightning spire.
The arrow misses you.
A tiny devil pulls itself out of the air.
Your hound bites the centaur but does no damage.
The scorpion stings your lightning spire!
Your lightning spire is destroyed!
Your lightning spire disappears in a puff of smoke!
The centaur unwields a +0 shortbow.
The centaur barely misses your hound.
The centaur kicks your hound but does no damage.
Your hound bites the centaur but does no damage.
The spell is quite dangerous to miscast (12% risk of failure)!
Continue anyway?
You miscast Summon Lightning Spire.
You are very lightly contaminated with residual magic.
Nothing appears to happen.
Your hound bites the centaur.
Your cerulean imp completely misses the centaur.
The scorpion stings your hound.
Your hound is poisoned.
The scorpion poisons your hound!
The centaur wields a +0 shortbow.
The centaur shoots an arrow.
The arrow hits the scorpion!
The scorpion dies!
Your hound closely misses the centaur.
Your cerulean imp hits the centaur with a -1 spear.
Training target 10.0 for Summonings reached!
Your Summonings skill increases to level 10!
Something barely misses your hound.
The centaur shoots an arrow.
The arrow hits you!
You die...

#####
#..#####.>,##**#.,*#.##
....#
*#....#..,,!#,...**#.#.
....# *#..#..,*,.,#...*
#.#. ....#
*#....###..o..,* #.#,
....# *#.c#.#.#..+#**
#.#, ....# #5§h.#so.#.#
#.#, ....# #..os#..##.#
#.#, .#***
##.#.o.#*#.#***#.#,
.#### #@##.##
#.#*,,..#, ....#
#..######.#*,*###,
###.# ##........#*,* *,
#.### ########.#*,* *,
#...# #.#*,* *, ###.##
#.#*,* *, #..# #.#*,*
*, ##.### #.#*,* *,
#...## #.#*,****,


You could see a centaur (unable to see you, ally target), an orc (unable to see
you), a friendly hound (summoned, very poisoned) and a friendly cerulean imp
(summoned).

Vanquished Creatures
  Sigmund (D:3)
  A water moccasin zombie (Ossuary)
  An iguana (D:5)
  An orc wizard (D:4)
  A gnoll (D:4)
  3 adders
  A river rat (Sewer)
  An adder zombie (Ossuary)
  A dart slug (D:2)
  2 orcs
  2 ball pythons (Sewer)
  3 bats
  3 endoplasms
  A giant cockroach (D:2)
  2 goblins
  3 hobgoblins
  2 jackals
  A kobold (D:4)
  4 quokkas
  A hobgoblin zombie (Ossuary)
  A kobold zombie (Ossuary)
  An orc zombie (Ossuary)
  3 rats
40 creatures vanquished.

Vanquished Creatures (collateral kills)
  Menkaure (D:4)
  A black bear (D:5)
  A scorpion (D:5)
  3 water moccasin zombies (Ossuary)
  2 howler monkeys (D:5)
  An orc priest (D:3)
  Ijyb (D:3)
  A jelly (D:5)
  Natasha (D:3)
  3 iguanas
  2 mummies (Ossuary)
  3 gnolls (D:4)
  4 river rats (Sewer)
  10 adders
  An ufetubus (D:4)
  5 adder zombies (Ossuary)
  2 worms (D:2)
  3 dart slugs
  2 orcs (D:3)
  An endoplasm (D:4)
  4 giant cockroaches
  6 goblins
  3 hobgoblins
  6 jackals
  8 quokkas
  6 ball pythons
  7 bats
  3 frilled lizards
  A gnoll zombie (Ossuary)
  4 hobgoblin zombies (Ossuary)
  10 kobolds
  4 kobold zombies (Ossuary)
  3 orc zombies (Ossuary)
  5 rats
118 creatures vanquished.

Vanquished Creatures (others)
  A scorpion (D:5)
  11 plants
12 creatures vanquished.

Grand Total: 170 creatures vanquished

Notes
Turn   | Place    | Note
-------+----------+-------------------------------------------
     0 | D:1      | themarg the Merfolk Summoner began the quest for the Orb.
     0 | D:1      | Reached XP level 1. HP: 13/13 MP: 3/3
   182 | D:1      | Found Tuixitho's Weapon Shop.
   325 | D:1      | Reached XP level 2. HP: 19/19 MP: 1/5
   331 | D:1      | Learned a level 2 spell: Call Imp
   921 | D:1      | Reached XP level 3. HP: 24/24 MP: 1/6
   950 | D:1      | Reached skill level 5 in Summonings
  1411 | D:2      | Reached XP level 4. HP: 30/30 MP: 7/7
  1415 | D:2      | Learned a level 3 spell: Call Canine Familiar
  2231 | D:3      | Noticed Natasha
  2238 | D:3      | Killed Natasha
  2239 | D:3      | Reached skill level 6 in Summonings
  2465 | D:3      | Reached XP level 5. HP: 35/35 MP: 8/8
  2502 | D:3      | Noticed Sigmund
  2516 | D:3      | Killed Sigmund
  2517 | D:3      | Reached skill level 7 in Summonings
  2517 | D:3      | Reached XP level 6. HP: 20/41 MP: 6/9
  2632 | D:3      | Noticed Ijyb
  2650 | D:3      | Killed Ijyb
  2783 | D:3      | Found an ancient bone altar of Kikubaaqudgha.
  2863 | D:3      | Found a shimmering blue altar of Sif Muna.
  2882 | D:3      | Became a worshipper of Sif Muna the Loreminder
  3309 | D:4      | Reached skill level 8 in Summonings
  3314 | D:4      | Reached XP level 7. HP: 15/46 MP: 10/10
  3393 | D:4      | Noticed Menkaure
  3406 | D:4      | Killed Menkaure
  3685 | D:4      | Found a white marble altar of Elyvilon.
  4157 | D:5      | Entered Level 5 of the Dungeon
  4158 | D:5      | Identified a scroll of acquirement
  4158 | D:5      | Acquired 709 gold pieces
  4171 | D:5      | Reached * piety under Sif Muna
  4225 | D:5      | Reached skill level 1 in Air Magic
  4246 | D:5      | Found a glowing drain.
  4255 | Sewer    | Entered a sewer
  4266 | Sewer    | Reached skill level 9 in Summonings
  4542 | Sewer    | Reached XP level 8. HP: 44/52 MP: 11/11
  4665 | D:5      | Reached ** piety under Sif Muna
  4748 | D:5      | Found a sand-covered staircase.
  4755 | Ossuary  | Entered an ossuary
  4828 | Ossuary  | Learned a level 4 spell: Summon Lightning Spire
  5160 | D:5      | Reached skill level 10 in Summonings
  5160 | D:5      | Shot with an arrow by a centaur

Illustrated notes

Levels and vault maps discovered:
D:1:      wander_arrival_fairy_ring, layout_basic, serial_shops, shop,
          serial_forest, infiniplex_forest_end_1,
          infiniplex_forest_lined_room_2, infiniplex_forest_lined_4_way,
          infiniplex_forest_straight_1, infiniplex_forest_clump_tiny,
          infiniplex_forest_lined_2
D:2:      layout_loops_ring, glass_columns_c, grunt_decor_mini_mirrors,
          minmay_fountain_box, kennysheep_boxes
D:3:      layout_loops_ring, nicolae_sif_muna_condensation,
          nicolae_kikubaaqudgha_miasma_corner, uniq_sigmund, uniq_natasha,
          uniq_ijyb
D:4:      layout_cave_pools, general_overflow_altar,
          minmay_misc_feat_secret_circle, nicolae_underground_beach,
          uniq_menkaure
D:5:      layout_basic, minmay_temple_entry_arrows, portal_sewer_entry_d,
          chequers_ossuary_entry_cave, minmay_misc_feat_plants

Skill      XL: |  1  2  3  4  5  6  7  8 |
---------------+-------------------------+-----
Summonings     | 5 6 7 8 9 10 | 10.0
Air Magic      | 2 3 |  3.8
Dodging        | |  2.6
Stealth        | |  2.5
Spellcasting   | |  2.0

Action                     |  1- 3 |  4- 6 |  7- 9 || total
---------------------------+-------+-------+-------++-------
  Melee: Unarmed           |    11 |       |       ||    11
         Whip              |    37 |       |       ||    37
         Punch             |     1 |       |     2 ||     3
         Dagger            |     7 |     8 |       ||    15
         Trident           |       |    42 |   134 ||   176
   Cast: Summon Small Mamm |    51 |     6 |    10 ||    67
         Call Imp          |     5 |     9 |    16 ||    30
         Call Canine Famil |       |    16 |    28 ||    44
         Summon Lightning  |       |       |     3 ||     3
    Use: Scroll            |       |     1 |     7 ||     8
         Potion            |       |       |     1 ||     1
   Stab: Sleeping          |       |     1 |     1 ||     2
         Distracted        |       |       |     3 ||     3
 Armour: Robe              |    11 |     7 |    16 ||    34
  Dodge: Dodged            |    31 |    25 |    85 ||   141

Table legend: (Time is in decaauts)
 A = Elapsed time spent in this place.
 B = Non-inter-level travel time spent in this place.
 C = Inter-level travel time spent in this place.
 D = Time resting spent in this place.
 E = Time spent auto-exploring this place.
 F = Levels seen in this place.
 G = Mean time per level.
                   A        B        C        D        E       F      G
               +--------+--------+--------+--------+--------+-----+--------+
         Total |   5176 |   4988 |    188 |    297 |   3126 |   7 |  739.4 |
       Dungeon |   4593 |   4405 |    188 |    210 |   3126 |   5 |  918.6 |
         Sewer |    287 |    287 |      0 |      0 |      0 |   1 |  287.0 |
       Ossuary |    294 |    294 |      0 |     87 |      0 |   1 |  294.0 |
               +--------+--------+--------+--------+--------+-----+--------+

Top non-repeatable levels by time:
     D:1: 1189 daAuts
     D:3: 1188 daAuts
     D:4: 941 daAuts
     D:2: 882 daAuts
     D:5: 391 daAuts
 Ossuary: 294 daAuts
   Sewer: 287 daAuts
